 Dungeon Crawl Stone Soup version 0.21-a0-2-ge494091 (webtiles) character file.

134971 JeffiDaFish the Peltast (level 17, 0/112 HPs)
             Began as a Gargoyle Fighter on May 18, 2017.
             Was the Champion of Okawaru.
             Slain by a merfolk
             ... wielding a +0 glaive
              (12 damage)
             ... on level 4 of the Shoals on May 21, 2017.
             The game lasted 01:15:48 (30420 turns).

JeffiDaFish the Peltast (Gargoyle Fighter)         Turns: 30420, Time: 01:15:49

Health: 0/112      AC: 50    Str: 25    XL:     17   Next: 18%
Magic:  17/17      EV: 13    Int: 17    God:    Okawaru [******]
Gold:   1483       SH: 16    Dex: 18    Spells: 16/16 levels left

rFire    . . .     SeeInvis +   E - +8 whip "Snakebite" {curare, rPois}
rCold    . . .     Gourm    .   c - +1 shield
rNeg     + . .     Faith    .   Q - +7 plate armour of the Moneychanger {Int+7 SInv}
rPois    ∞         Spirit   .   i - +1 helmet
rElec    +         Reflect  .   t - +2 cloak
rCorr    .         Harm     .   S - +2 pair of gloves of Heresy {MR+}
MR       +++..                  R - +2 pair of boots {run}
Stlth    ..........             J - amulet of rage
Regen    0.3/turn               M - ring of the Octopus King {AC+1 EV+1 Str+1 Int+1 Dex+1 Stlth+}
MPRegen  0.2/turn               p - +3 ring of dexterity

@: barbed spikes, very slow
A: big wings, magic resistance 1, negative energy resistance 1, electricity
resistance, strong 1, unbreathing, petrification resistance, rot immunity, AC
+12
a: Fly, Heroism, Finesse, Renounce Religion, Evoke Berserk Rage


You were on level 4 of the Shoals.
You worshipped Okawaru.
Okawaru was exalted by your worship.
You were hungry.

You visited 5 branches of the dungeon, and saw 28 of its levels.
You also visited: Ice Cave.

You collected 3061 gold pieces.
You spent 1578 gold pieces at shops.

Inventory:

Hand Weapons
 v - the +6 hand crossbow "Woihen Vull" {elec, rN+ Int-2 Stlth+}
   (You found it on level 8 of the Dungeon)

   It charges the ammunition it shoots with electricity; occasionally upon a
   hit, such missiles may discharge and cause terrible harm.
   It affects your intelligence (-2).
   It protects you from negative energy.
   It makes you more stealthy.
 E - the +8 whip "Snakebite" (weapon) {curare, rPois}
   (You found it on level 3 of the Lair of Beasts)

   It poisons the flesh of those it strikes.
   It protects you from poison.
Missiles
 x - 96 bolts (quivered)
Armour
 c - a +1 shield (worn)
 i - a +1 helmet (worn)
 t - a +2 cloak (worn)
 Q - the +7 plate armour of the Moneychanger (worn) {Int+7 SInv}
   (You bought it in a shop on level 9 of the Dungeon)

   It affects your intelligence (+7).
   It lets you see invisible.
 R - a +2 pair of boots of running (worn)
 S - the +2 pair of gloves of Heresy (worn) {MR+}
   (You bought it in a shop on level 2 of the Orcish Mines)

   It affects your resistance to hostile enchantments.
Jewellery
 p - a +3 ring of dexterity (right hand)
 J - an amulet of rage (around neck)
 M - a ring of the Octopus King (left hand) {AC+1 EV+1 Str+1 Int+1 Dex+1 Stlth+}
   (You found it on level 13 of the Dungeon)

   [ring of stealth]

   It affects your AC (+1).
   It affects your evasion (+1).
   It affects your strength (+1).
   It affects your intelligence (+1).
   It affects your dexterity (+1).
   It makes you more stealthy.
Scrolls
 d - 14 scrolls of remove curse
 g - 11 scrolls of identify
 h - a scroll of blinking
 q - 6 scrolls of fear
 r - 6 scrolls of teleportation
 y - a scroll of amnesia
 D - 6 scrolls of enchant weapon
 F - a scroll of recharging
 H - a scroll of magic mapping
Potions
 a - 3 potions of might
 e - 3 potions of invisibility
 k - 3 potions of flight
 m - 8 potions of curing
 o - 3 potions of cancellation
 u - 6 potions of brilliance
 z - 4 potions of haste
 A - 3 potions of resistance
 B - 3 potions of ambrosia
 G - 2 potions of agility
 N - a potion of berserk rage
Books
 s - a book of Maledictions

   Spells                             Type                      Level
   a - Corona                         Hexes                        1
   b - Ensorcelled Hibernation        Hexes/Ice                    2
   c - Confuse                        Hexes                        3
   d - Tukima's Dance                 Hexes                        3
   e - Dazzling Spray                 Conjuration/Hexes            3
 C - a book of Power

   Spells                             Type                      Level
   a - Iskenderun's Battlesphere      Conjuration/Charms           5
   b - Venom Bolt                     Conjuration/Poison           5
   c - Bolt of Magma                  Conjuration/Fire/Earth       5
   d - Iron Shot                      Conjuration/Earth            6
   e - Orb of Destruction             Conjuration                  7
   f - Spellforged Servitor           Conjuration/Summoning        7
 I - a book of Cantrips

   Spells                             Type                      Level
   a - Confusing Touch                Hexes                        1
   b - Animate Skeleton               Necromancy                   1
   c - Summon Small Mammal            Summoning                    1
   d - Apportation                    Translocation                1
Comestibles
 b - 4 chunks of flesh
 f - 14 bread rations
 j - 16 meat rations
 l - 10 royal jellies
 n - 51 fruits


   Skills:
 * Level 14.5 Fighting
 * Level 15.2 Maces & Flails
 + Level 8.4 Crossbows
 * Level 13.9 Armour
 + Level 7.6 Dodging
 - Level 1.3 Stealth
 * Level 15.6 Shields
 - Level 0.6 Evocations


You had 16 spell levels left.
You didn't know any spells.

Dungeon Overview and Level Annotations

Branches:
Dungeon (15/15)            Temple (1/1) D:4            Lair (6/6) D:10
 Shoals (4/4) Lair:4        Snake (0/4) Lair:2        Slime (0/5) Lair:5
    Orc (2/2) D:10            Elf (0/3) Orc:2        Vaults (0/5) D:13
 Depths (0/5) D:15

Altars:
Cheibriados
Elyvilon
Fedhas
Gozag
Hepliaklqana
Kikubaaqudgha
Makhleb
Nemelex Xobeh
Okawaru
Qazlal
Ru
Uskayaw
Vehumet
Wu Jian
Xom
Yredelemnul
Zin
The Shining One
Beogh

Shops:
D:9 [   D:10 (   D:13 [   D:14 *   Orc:2 *[:(

Portals:
Trove: D:12 (give 2 scrolls of acquirement)

Annotations:
D:14 1 runed door
Shoals:4 exclusion: Roxanne, Roxanne


Innate Abilities, Weirdness & Mutations

You are resistant to torment.
Your stone body is resilient. (AC +12)
You are immune to poison.
Your large and strong wings let you fly indefinitely.
You resist negative energy. (rN+)
You are resistant to electric shocks. (rElec)
You can survive without breathing.
You are immune to petrification.
You are immune to rotting.
You are resistant to hostile enchantments. (MR+)
Your muscles are strong. (Str +2)


Message History

The manticore is severely wounded.
The manticore bites you but does no damage.
You block the manticore's attack. x2
You hit the manticore.
The manticore looks as sick as possible!
The manticore is almost dead.
You block the merfolk impaler's attack. You block the merfolk's attack.
Your unstable footing causes you to fumble your attack.
You block the merfolk impaler's attack.
You hit the manticore.
You kill the manticore!
Okawaru accepts your kill. The merfolk impaler closely misses you.
The barbs in your skin will harm you if you move.
Continue?
The barbed spikes dig painfully into your body as you move.
* * * LOW HITPOINT WARNING * * *
The merfolk hits you from afar with a spear.
* * * LOW HITPOINT WARNING * * *
The merfolk hits you with a glaive!
You die...

≈≈# #≈≈..≈##.(..##
≈≈≈##≈≈ ≈≈##.....#
≈≈≈≈#######......#
≈≈≈≈≈≈≈.....≈≈≈..#
≈≈≈≈≈≈≈...≈≈≈≈≈≈
≈≈≈≈≈≈≈≈≈≈≈≈≈≈.≈
≈≈≈≈≈≈≈≈.m≈≈≈≈≈.
≈≈≈≈≈≈≈≈.m≈≈≈≈≈≈
######≈≈@m≈≈≈≈≈≈
##≈≈≈≈≈≈≈≈≈
##≈≈≈≈≈≈.≈
#≈≈≈≈....
#≈≈≈.....
#≈.......
#≈....?..
#≈≈.....#


You could see a merfolk impaler and 2 merfolk.

Vanquished Creatures
  A fire giant (D:14)
  An orc warlord (Orc:1)
  Louise (D:14)
  Nessos (D:14)
  Josephine (D:14)
  A merfolk javelineer (Shoals:1)
  7 merfolk impalers
  Erolcha (Orc:2)
  16 hydras
  Harold (D:12)
  3 centaur warriors
  2 alligator snapping turtles
  11 two-headed ogres
  A vault guard (D:13)
  2 catoblepae
  A death knight (D:15)
  2 satyrs (Shoals:3)
  A tengu warrior (D:14)
  An ogre mage (D:10)
  A shock serpent (shapeshifter) (D:14)
  7 death yaks (Lair:6)
  Urug (Lair:2)
  Nergalle (Lair:2)
  A skeletal warrior (D:15)
  A fire crab (D:14)
  An unseen horror (D:15)
  7 sea snakes
  A lindwurm (shapeshifter) (D:15)
  11 harpies
  Pikel (D:4)
  An oklob plant (Lair:1)
  3 orc knights
  2 deep elf magi
  A wolf spider zombie (D:14)
  3 cyclopes
  5 orc sorcerers (Orc:2)
  An orb spider (shapeshifter) (D:13)
  11 ugly things
  15 manticores
  8 black mambas
  5 fauns
  7 elephants (Lair:5)
  Maurice (D:8)
  4 water nymphs
  8 merfolk sirens
  9 spiny frogs
  2 torpor snails
  A gargoyle (D:11)
  A spiny frog (shapeshifter) (D:15)
  6 komodo dragons
  An efreet (D:13)
  6 rime drakes
  2 tengu conjurers
  2 ice devils (Lair:1)
  10 trolls
  A polar bear (shapeshifter) (D:13)
  4 hornets
  15 merfolk
  5 slime creatures
  5 wind drakes
  16 hippogriffs
  4 dream sheep
  6 blink frogs
  6 snapping turtles
  Sigmund (D:3)
  A tarantella (shapeshifter) (D:15)
  8 wraiths
  2 water elementals (Shoals:2)
  12 wyverns
  40 yaks
  3 steam dragons
  A basilisk (shapeshifter) (D:15)
  3 hungry ghosts
  7 basilisks
  11 vampire mosquitoes
  7 wargs
  An acid dragon (D:15)
  2 hell hounds (D:15)
  16 water moccasins
  6 porcupines
  6 ice beasts
  3 sky beasts
  A slave (D:4)
  5 necrophages (D:11)
  A hornet zombie (D:13)
  27 orc warriors
  3 black bears
  11 ogres
  2 eyes of draining
  2 phantoms
  4 boggarts (D:15)
  11 centaurs
  The ghost of tyvek the Covered, an amateur GrFi (D:4)
  8 crocodiles
  2 big kobolds
  20 bullfrogs
  A wyvern zombie (D:10)
  A water moccasin zombie (D:10)
  A wyvern skeleton (D:9)
  10 scorpions
  9 wights
  7 killer bees
  2 howler monkeys
  A bullfrog zombie (D:11)
  5 centaur zombies
  A quasit (D:7)
  7 jellies
  3 bullfrog skeletons
  5 hounds
  4 centaur skeletons
  2 gnoll shamans (D:7)
  13 orc priests
  3 iguanas
  24 orc wizards
  12 worker ants
  A polar bear simulacrum (IceCv)
  A hound zombie (D:9)
  2 hound skeletons
  2 mummies (D:11)
  A howler monkey zombie (D:5)
  17 adders
  22 gnolls
  2 shadow imps
  3 oozes
  An adder skeleton (D:4)
  A worm (D:2)
  2 dart slugs
  5 leopard geckos
  74 orcs
  5 giant cockroaches
  9 goblins
  7 hobgoblins
  12 jackals
  14 kobolds
  7 quokkas
  A ball python (D:1)
  7 bats
  2 frilled lizards (D:2)
  A jackal skeleton (D:6)
  A leopard gecko skeleton (D:6)
  6 rats
  A spectral orc (D:2)
  A fungus (Orc:2)
812 creatures vanquished.

Vanquished Creatures (others)
  A rime drake (Shoals:2)
  A water elemental (Shoals:4)
  A hound (D:11)
  4 fungi
  2 plants (Lair:6)
9 creatures vanquished.

Grand Total: 821 creatures vanquished

Notes
Turn   | Place    | Note
-------+----------+-------------------------------------------
     0 | D:1      | JeffiDaFish the Gargoyle Fighter began the quest for the Orb.
     0 | D:1      | Reached XP level 1. HP: 14/14 MP: 1/1
   170 | D:1      | Reached XP level 2. HP: 19/19 MP: 2/2
   595 | D:2      | Found a faded altar of an unknown god.
   637 | D:2      | Reached XP level 3. HP: 7/23 MP: 3/3
  1103 | D:2      | Reached XP level 4. HP: 27/28 MP: 4/4
  1356 | D:2      | Found a burning altar of Makhleb.
  1457 | D:2      | Found a basalt altar of Yredelemnul.
  1669 | D:3      | Reached XP level 5. HP: 33/33 MP: 5/5
  1854 | D:3      | Noticed Sigmund
  1863 | D:3      | Killed Sigmund
  1863 | D:3      | Reached skill level 5 in Shields
  1863 | D:3      | Reached XP level 6. HP: 38/38 MP: 6/6
  1874 | D:3      | Gained mutation: You are resistant to hostile enchantments. (MR+) [potion of mutation]
  1874 | D:3      | Gained mutation: Your muscles are strong. (Str +2) [potion of mutation]
  1878 | D:3      | Reached skill level 1 in Dodging
  2437 | D:4      | Reached XP level 7. HP: 38/43 MP: 7/7
  2454 | D:4      | Reached skill level 5 in Maces & Flails
  2581 | D:4      | Found a staircase to the Ecumenical Temple.
  2649 | Temple   | Entered the Ecumenical Temple
  2795 | Temple   | Became a worshipper of Warmaster Okawaru
  2844 | D:4      | Noticed tyvek's ghost (amateur GrFi)
  2858 | D:4      | Killed tyvek's ghost
  2966 | D:4      | Found a white marble altar of Elyvilon.
  3179 | D:4      | Noticed Pikel
  3201 | D:4      | Killed Pikel
  3201 | D:4      | Reached * piety under Okawaru
  3201 | D:4      | Reached skill level 5 in Fighting
  3201 | D:4      | Reached skill level 5 in Armour
  3201 | D:4      | Reached XP level 8. HP: 40/49 MP: 8/8
  3409 | D:5      | Entered Level 5 of the Dungeon
  3610 | D:5      | Reached skill level 1 in Stealth
  3962 | D:5      | Reached XP level 9. HP: 52/54 MP: 9/9
  4104 | D:5      | Reached ** piety under Okawaru
  4324 | D:6      | Found a hide-covered altar of Uskayaw.
  4492 | D:6      | Found a sacrificial altar of Ru.
  6244 | D:7      | Reached *** piety under Okawaru
  6387 | D:7      | Reached XP level 10. HP: 55/61 MP: 10/10
  7032 | D:8      | Noticed a purple ugly thing
  7057 | D:8      | Killed a purple ugly thing
  7150 | D:8      | Noticed a two-headed ogre
  7160 | D:8      | Killed a two-headed ogre
  7160 | D:8      | Reached **** piety under Okawaru
  7371 | D:8      | Noticed Maurice
  7470 | D:8      | Reached skill level 10 in Maces & Flails
  7766 | D:8      | Killed Maurice
  7991 | D:8      | Reached ***** piety under Okawaru
  8185 | D:8      | Identified the +6 hand crossbow "Woihen Vull" {elec, rN+ Int-2 Stlth+} (You found it on level 8 of the Dungeon)
  8252 | D:9      | Found Xarahet's Antique Armour Boutique.
  8260 | D:9      | Bought a pair of boots for 162 gold pieces
  8343 | D:9      | Found a stormy altar of Qazlal.
  8351 | D:9      | Reached XP level 11. HP: 64/68 MP: 11/11
  8387 | D:9      | Received a gift from Okawaru
  8446 | D:9      | Noticed a two-headed ogre
  8467 | D:9      | Killed a two-headed ogre
  8467 | D:9      | Reached skill level 1 in Crossbows
  8467 | D:9      | Reached skill level 10 in Shields
  8617 | D:9      | Noticed a two-headed ogre
  8631 | D:9      | Killed a two-headed ogre
  8745 | D:9      | Found a blossoming altar of Fedhas.
  8822 | D:9      | Found a stormy altar of Qazlal.
  8839 | D:9      | Found a sacrificial altar of Ru.
  9087 | D:9      | Found a radiant altar of Vehumet.
  9087 | D:9      | Found a shimmering altar of Xom.
  9112 | D:9      | Found a hazy altar of Hepliaklqana.
  9112 | D:9      | Found a shimmering altar of Xom.
  9112 | D:9      | Found a shadowy altar of Dithmenos.
  9186 | D:10     | Entered Level 10 of the Dungeon
  9331 | D:10     | Noticed an ogre mage
  9331 | D:10     | Noticed a two-headed ogre
  9331 | D:10     | Noticed a two-headed ogre
  9351 | D:10     | Killed an ogre mage
  9356 | D:10     | Killed a two-headed ogre
  9368 | D:10     | Killed a two-headed ogre
  9634 | D:10     | Noticed a two-headed ogre
  9645 | D:10     | Killed a two-headed ogre
  9695 | D:10     | Found a staircase to the Lair.
 10037 | D:10     | Reached XP level 12. HP: 75/76 MP: 12/12
 10186 | D:10     | Noticed a two-headed ogre
 10202 | D:10     | Killed a two-headed ogre
 10215 | D:10     | Found Nutteib's Weapon Shop.
 10247 | D:10     | Found a staircase to the Orcish Mines.
 10396 | Lair:1   | Entered Level 1 of the Lair of Beasts
 10853 | Lair:1   | Found a frozen archway.
 11040 | IceCv    | Entered an ice cave
 11380 | Lair:1   | Reached ****** piety under Okawaru
 11390 | Lair:1   | Noticed a seven-headed hydra
 11408 | Lair:1   | Killed a seven-headed hydra
 11670 | Lair:1   | Noticed a seven-headed hydra
 11682 | Lair:1   | Killed a seven-headed hydra
 11682 | Lair:1   | Received a gift from Okawaru
 12109 | Lair:2   | Reached skill level 10 in Fighting
 12183 | Lair:2   | Noticed Nergalle
 12186 | Lair:2   | Found a staircase to the Snake Pit.
 12240 | Lair:2   | Killed Nergalle
 12511 | Lair:2   | Noticed a four-headed hydra
 12523 | Lair:2   | Killed a four-headed hydra
 12540 | Lair:2   | Noticed Urug
 12579 | Lair:2   | Killed Urug
 13389 | Lair:3   | Noticed a six-headed hydra
 13401 | Lair:3   | Killed a six-headed hydra
 13401 | Lair:3   | Reached XP level 13. HP: 75/83 MP: 13/13
 13480 | Lair:3   | Reached skill level 10 in Armour
 14038 | Lair:3   | Received a gift from Okawaru
 14814 | Lair:4   | Found a staircase to the Shoals.
 15604 | Lair:5   | Reached skill level 5 in Dodging
 15832 | Lair:5   | Found a staircase to the Slime Pits.
 15988 | Lair:5   | Reached skill level 5 in Crossbows
 16537 | Lair:6   | Entered Level 6 of the Lair of Beasts
 16594 | Lair:6   | Received a gift from Okawaru
 16622 | Lair:6   | Identified the +3 chain mail "Qalesae" {*Slow Str+2 SInv} (You found it on level 6 of the Lair of Beasts)
 16699 | Lair:6   | Gained mutation: Your large and strong wings let you fly indefinitely. [Gargoyle growth]
 16699 | Lair:6   | Reached XP level 14. HP: 83/90 MP: 14/14
 16841 | Lair:6   | Received a gift from Okawaru
 18630 | D:12     | Noticed Harold
 18640 | D:12     | Killed Harold
 18764 | D:12     | Found a portal to a secret trove of treasure.
 18977 | D:12     | Found a glowing golden altar of the Shining One.
 19249 | D:12     | Received a gift from Okawaru
 20057 | D:13     | Received a gift from Okawaru
 20256 | D:13     | Found a gate to the Vaults.
 20320 | D:13     | Got a ring of the Octopus King
 20321 | D:13     | Identified a ring of the Octopus King {AC+1 EV+1 Str+1 Int+1 Dex+1 Stlth+} (You found it on level 13 of the Dungeon)
 20397 | D:13     | Reached XP level 15. HP: 90/97 MP: 5/15
 20546 | D:13     | Found Mecsud's Armour Emporium.
 20702 | D:9      | Bought a warped plate armour for 1008 gold pieces
 20712 | D:9      | Identified the +7 plate armour of the Moneychanger {Int+7 SInv} (You bought it in a shop on level 9 of the Dungeon)
 21327 | D:14     | Noticed Louise
 21348 | D:14     | Killed Louise
 21431 | D:14     | Noticed Josephine
 21448 | D:14     | Killed Josephine
 21541 | D:14     | Found a runed door.
 21552 | D:14     | Found a runed door.
 21552 | D:14     | Noticed a fire giant
 21609 | D:14     | Killed a fire giant
 21751 | D:14     | Found Caawkem's Assorted Antiques.
 22076 | D:14     | Received a gift from Okawaru
 22086 | D:14     | Noticed Nessos
 22096 | D:14     | Killed Nessos
 22228 | D:15     | Entered Level 15 of the Dungeon
 22514 | D:15     | Found a staircase to the Depths.
 22970 | D:15     | Received a gift from Okawaru
 23607 | D:15     | Upgraded the game from 0.21-a0 to 0.21-a0-2-ge494091
 23743 | Orc:1    | Entered Level 1 of the Orcish Mines
 23919 | Orc:2    | Entered Level 2 of the Orcish Mines
 23919 | Orc:2    | Found a roughly hewn altar of Beogh.
 23941 | Orc:2    | Reached XP level 16. HP: 71/104 MP: 16/16
 24595 | Orc:2    | Noticed Erolcha
 24634 | Orc:2    | Killed Erolcha
 24634 | Orc:2    | Received a gift from Okawaru
 24651 | Orc:2    | Found Jeoteved's Antique Weapon Shop.
 24703 | Orc:2    | Found Nuopne Joeda's Book Boutique.
 24837 | Orc:2    | Found Wanan's General Store.
 24876 | Orc:2    | Found a staircase to the Elven Halls.
 25347 | Orc:2    | Found Wuojanau's Antique Armour Boutique.
 25356 | Orc:2    | Bought a pair of glowing boots for 180 gold pieces
 25356 | Orc:2    | Bought a pair of ichor-stained gloves for 228 gold pieces
 25366 | Orc:2    | Identified a +1 pair of boots of running (You bought it in a shop on level 2 of the Orcish Mines)
 25376 | Orc:2    | Identified the +2 pair of gloves of Heresy {MR+} (You bought it in a shop on level 2 of the Orcish Mines)
 25785 | Orc:1    | Received a gift from Okawaru
 26196 | Shoals:1 | Entered Level 1 of the Shoals
 26631 | Shoals:1 | Reached skill level 15 in Shields
 28509 | Shoals:2 | Reached skill level 15 in Maces & Flails
 28575 | Shoals:2 | Received a gift from Okawaru
 29199 | Shoals:3 | Reached XP level 17. HP: 112/112 MP: 17/17
 29853 | Shoals:4 | Entered Level 4 of the Shoals
 30016 | Shoals:4 | Noticed Roxanne
 30401 | Shoals:4 | Received a gift from Okawaru
 30420 | Shoals:4 | Slain by a merfolk

Vault maps used:
D:1:      dpeg_arrival_rhombi
D:2:      yredelemnul_forgotten_temple_becter, makhleb_blood_cavern_becter,
          first_bread, chequers_ecumenical_altar_island
D:3:      uniq_sigmund
D:4:      elyvilon_altar_5, minmay_temple_entry_crystal_x, uniq_pikel
D:6:      eat_drink_and_be_merry_uskayaw, st_stairs_13,
          corexii_item_surrounded_by_moat, nicolae_ru_great_annihilating_truth
D:8:      uniq_maurice
D:9:      doesnt_xom_only_xom, amethyst_overflow_temple_binary, fedhas_altar_2,
          serial_shops, shop
D:10:     lair_entry_dummy, orc_david_3
D:11:     serial_undead, serial_undead_d, serial_undead_e, serial_undead_a,
          serial_undead_b
D:12:     enter_trove_0, grunt_tengu_nest, tso_altar, uniq_harold
D:13:     david_vaults_5, serial_shops, nicolae_shop_trees
D:14:     nicolae_twisting_strands, serial_shops,
          nicolae_shop_overgrown_old_shop, grunt_decor_fettered,
          minmay_the_grid_triangle_9x9_recursive_2, uniq_josephine, uniq_nessos,
          uniq_louise
D:15:     gammafunk_enter_depths_forms, minmay_misc_feat_rows, special_room,
          minmay_misc_feat_hallway
Temple:   dpeg_chambers_temple
Lair:1:   dpeg_oklob_gauntlet, portal_ice_cave_demonic_guard, grunt_megastairs_3
Lair:2:   dummy_snake_entry, minivault_25, minmay_lindwurm_lava, uniq_urug,
          uniq_nergalle
Lair:3:   minmay_guarded_unrand_snakebite, minmay_holes, lemuel_fruit_fields
Lair:4:   minmay_shoals_entry_centaurs
Lair:5:   minmay_slime_entry_pillars, infiniplex_staircase_pool_2
Lair:6:   due_jungle_book, grunt_megastairs_4
Shoals:1: nicolae_shoals_loop_pool
Shoals:2: nicolae_shoals_drake_roost
Shoals:3: nicolae_shoals_this_corrosion
Shoals:4: shoals_end_hangedman, shoal_ilsuiw, uniq_roxanne
Orc:2:    grunt_orc_gardens, grunt_orc_garden, grunt_orc_garden,
          grunt_orc_garden, grunt_orc_garden, basic_altar, uniq_erolcha
IceCv:    ice_cave_small_necro

Skill      XL: |  1  2  3  4  5  6  7  8  9 10 11 12 13 14 15 16 |
---------------+-------------------------------------------------+-----
Shields        | 4 5 6 8 9 11 12 13 14 15 | 15.6
Maces & Flails | 3 4 7 9 10 11 12 13 14 15 | 15.2
Armour         | 4 5 6 7 8 9 10 12 13 | 13.9
Fighting       | 4 5 6 7 9 10 11 12 13 14 | 14.5
Dodging        | 1 2 3 4 5 6 7 |  7.6
Stealth        | 1 |  1.3
Crossbows      | 2 4 5 6 7 8 |  8.4
Evocations     | |  0.6

Action                   |  1- 3 |  4- 6 |  7- 9 | 10-12 | 13-15 | 16-18 || total
-------------------------+-------+-------+-------+-------+-------+-------++-------
Melee: Flail             |   138 |   179 |   374 |    60 |       |       ||   751
       Whip              |       |       |   312 |  1139 |  1921 |   956 ||  4328
 Fire: Hand crossbow     |       |       |       |     9 |     5 |   115 ||   129
 Abil: Fly               |       |       |       |       |     1 |     2 ||     3
       Stop Flying       |       |       |       |       |       |     3 ||     3
Evoke: Wand              |       |       |       |     5 |       |       ||     5
  Use: Scroll            |     4 |     4 |     9 |     7 |     7 |     8 ||    39
       Potion            |       |     7 |     5 |     4 |     2 |     2 ||    20
 Stab: Paralysed         |       |       |     1 |       |       |       ||     1
       Petrified         |       |       |       |       |     4 |       ||     4
  Eat: Chunk             |     1 |     5 |    13 |    26 |    36 |    20 ||   101
       Royal jelly       |       |       |       |     1 |       |       ||     1
Armor: Scale mail        |   115 |    55 |       |       |       |       ||   170
       Chain mail        |       |    25 |   207 |       |   182 |       ||   414
       Plate armour      |       |       |    96 |   392 |   374 |   348 ||  1210
Dodge: Dodged            |    73 |    50 |   121 |   193 |   354 |   310 ||  1101
Block: Shield            |   126 |   103 |   351 |   545 |   809 |   588 ||  2522
